 Dungeon Crawl Stone Soup version 0.28-a0-535-g6f645e4c1d (webtiles) character file.

Game seed: 6817898764152238745

33 Tinkle the Skirmisher (level 3, 0/51 HPs)
             Began as a Minotaur Berserker on Sept 27, 2021.
             Was a Believer of Trog.
             Slain by a goblin (6 damage)
             ... led by Robin
             ... on level 1 of the Dungeon.
             The game lasted 00:01:48 (910 turns).

Tinkle the Skirmisher (Minotaur Berserker)           Turns: 910, Time: 00:01:49

Health: 0/51       AC:  2    Str: 22    XL:     3   Next: 12%
Magic:  2/2        EV: 12    Int:  4    God:    Trog [**....]
Gold:   44         SH:  0    Dex:  9    Spells: 2/2 levels left

rFire   . . .      SeeInvis .   a - +0 hand axe
rCold   . . .      Faith    .   (no shield)
rNeg    . . .      Spirit   .   b - +0 animal skin
rPois   .          Reflect  .   (helmet restricted)
rElec   .          Harm     .   (no cloak)
rCorr   .          Rampage  .   (no gloves)
Will    .....                   (no boots)
Stlth   ..........              (no amulet)
HPRegen 0.17/turn               (no ring)
MPRegen 0.08/turn               (no ring)

@: berserking, very quick
A: horns 2, retaliatory headbutt
a: Renounce Religion, Berserk, Trog's Hand


You were on level 1 of the Dungeon.
You worshipped Trog.
Trog was pleased with you.
You visited 1 branch of the dungeon, and saw 2 of its levels.

You collected 44 gold pieces.

Inventory:

Hand Weapons
 a - a +0 hand axe (weapon)
Armour
 b - a +0 animal skin (worn)
 e - a +0 pair of gloves
Scrolls
 d - a scroll of identify {unknown}
 f - a scroll of torment {unknown}
 g - a scroll of teleportation {unknown}
Potions
 c - a potion of heal wounds {unknown}


   Skills:
 + Level 4.5 Fighting
 + Level 4.4 Axes
 - Level 2.4 Armour
 - Level 2.1 Dodging


You had 2 spell levels left.
You didn't know any spells.
Your spell library was empty.

Dungeon Overview and Level Annotations

Branches:
Dungeon (2/15)

Altars:

Shops:
D:2 [

Annotations:
D:2 Robin


Innate Abilities, Weirdness & Mutations

You have a pair of horns on your head.
You reflexively headbutt those who attack you in melee.


Message History

Your experience leads to an increase in your attributes!
Increase (S)trength, (I)ntelligence, or (D)exterity?
You feel stronger.
You barely miss the hobgoblin.
The hobgoblin is severely wounded.
The hobgoblin barely misses you.
You hit the hobgoblin.
You kill the hobgoblin!
Trog accepts your kill.
You climb downwards.
Level annotation: Robin The goblin hits you with a +0 dagger.
The hobgoblin hits you but does no damage.
The goblin completely misses you.
The hobgoblin hits you but does no damage.
The goblin hits you with a +0 dagger. The goblin hits you with a +0 club.
The goblin barely misses you. The goblin hits you with a +0 dagger.
The hobgoblin closely misses you. The goblin closely misses you.
The hobgoblin barely misses you. The goblin barely misses you.
The goblin hits you with a +0 club.
There is a stone staircase leading up, spattered with blood here.
The goblin hits you with a +0 dagger. The goblin completely misses you.
You furiously retaliate!
You headbutt the goblin!
You kill the goblin!
Trog accepts your kill.
You can now call upon Trog for regeneration and willpower.
The hobgoblin closely misses you. The goblin barely misses you.
The hobgoblin hits you. The goblin hits you with a +0 dagger.
* * * LOW HITPOINT WARNING * * *
The goblin misses you. You furiously retaliate!
You headbutt the goblin.
You kill the goblin!
Trog accepts your kill.
You climb upwards.
There is a stone staircase leading down here.
A red film seems to cover your vision as you go berserk!
You feel yourself moving faster!
You feel mighty! The goblin hits you with a +0 dagger.
* * * LOW HITPOINT WARNING * * *
The goblin hits you with a +0 club.
You die...

###.#######..#
#............#
#.#.#######.##
#.#.# #.# #.#.#
#.####### #.#.#
#........
#g#.########.......
#ggg......##.#####.
##@######.##.# #.
#g# #.##.# #. #.#
#.##.# #. #.#
#.##.#####. #.#
#.##....... #.#
#.##.###### #.#
#.##.# ##
#.######.##.# ##.
#........##.# ##..


You could see 2 hobgoblins and 3 goblins.

Vanquished Creatures
  2 dart slugs (D:1)
  4 endoplasms (D:1)
  A giant cockroach (D:1)
  5 goblins
  5 hobgoblins (D:1)
  A quokka (D:1)
  2 bats (D:1)
  A frilled lizard (D:1)
  4 kobolds (D:1)
  2 rats (D:1)
27 creatures vanquished.

Notes
Turn   | Place    | Note
-------+----------+-------------------------------------------
     0 | D:1      | Tinkle the Minotaur Berserker began the quest for the Orb.
     0 | D:1      | Reached XP level 1. HP: 19/19 MP: 0/0
     6 | D:1      | Noticed a black bear
     6 | D:1      | Noticed a salamander
     6 | D:1      | Noticed a hog
     7 | D:1      | Noticed a snapping turtle
   147 | D:1      | Reached XP level 2. HP: 27/27 MP: 1/1
   892 | D:2      | Noticed Robin
   892 | D:2      | Found Jov Aff's Antique Armour Emporium.
   904 | D:1      | Reached XP level 3. HP: 31/34 MP: 2/2
   908 | D:2      | Reached ** piety under Trog
   910 | D:1      | Slain by a goblin

Illustrated notes

Levels and vault maps discovered:
D:1:      onia_arrival_zoo_common, layout_loops_ring
D:2:      layout_basic, shapermc_ecumenical_altar_pompeii, serial_shops, shop,
          shop, shop, shop, shop, uniq_robin

Skill      XL: |  1 |
---------------+----+-----
Fighting       | 4 |  4.5
Axes           | 4 |  4.4
Armour         | |  2.4
Dodging        | |  2.1

Action                   || total
-------------------------++-------
Melee: Hand axe          ||    39
       Headbutt          ||     7
Invok: Berserk           ||     1
 Stab: Sleeping          ||     1
Armor: Animal skin       ||     7
Dodge: Dodged            ||    42

Table legend: (Time is in decaauts)
 A = Elapsed time spent in this place.
 B = Non-inter-level travel time spent in this place.
 C = Inter-level travel time spent in this place.
 D = Time resting spent in this place.
 E = Time spent auto-exploring this place.
 F = Levels seen in this place.
 G = Mean time per level.
                   A        B        C        D        E       F      G
               +--------+--------+--------+--------+--------+-----+--------+
         Total |    915 |    904 |     11 |    101 |    677 |   2 |  457.5 |
       Dungeon |    915 |    904 |     11 |    101 |    677 |   2 |  457.5 |
               +--------+--------+--------+--------+--------+-----+--------+

Top non-repeatable levels by time:
     D:1: 905 daAuts
     D:2: 10 daAuts
